 Dungeon Crawl Stone Soup version 0.29-a0-817-g9904bce7a6 (webtiles) character file.

Game seed: 12759505730427144368

62 blackman the Charlatan (level 4, 0/32 HPs)
             Began as a Human Artificer on July 5, 2022.
             Succumbed to an adder's poison
             ... on level 2 of the Dungeon.
             The game lasted 00:03:49 (3193 turns).

blackman the Charlatan (Human Artificer)            Turns: 3193, Time: 00:03:50

Health: 0/32       AC: 13    Str: 15    XL:     4   Next: 28%
Magic:  4/4        EV:  4    Int: 11    God:
Gold:   116        SH:  0    Dex: 13    Spells: 3/3 levels left

rFire   . . .      SeeInvis .   i - +0 spear
rCold   . . .      Faith    .   (no shield)
rNeg    . . .      Spirit   .   f - +0 plate armour
rPois   .          Reflect  .   (helmet restricted)
rElec   .          Harm     .   l - +0 cloak
rCorr   .          Rampage  .   k - +0 pair of gloves
Will    .....                   (no boots)
Stlth   ..........              (no amulet)
HPRegen 0.10/turn               (no ring)
MPRegen 0.09/turn               (no ring)

@: lethally poisoned (0 -> -8)
A: beak
a: no special abilities


You were on level 2 of the Dungeon.
You visited 1 branch of the dungeon, and saw 2 of its levels.

You collected 116 gold pieces.

Inventory:

Hand Weapons
 a - a +0 club
 i - a +0 spear (weapon)
Armour
 b - a +0 leather armour
 f - a +0 plate armour (worn)
 k - a +0 pair of gloves (worn)
 l - a +0 cloak (worn)
Jewellery
 s - a +6 ring of intelligence
Wands
 c - a wand of flame (15) (quivered)
 d - a wand of charming (15)
 e - a wand of iceblast (9)
Scrolls
 g - 3 scrolls of identify {unknown}
 m - 2 scrolls of torment {unknown}
 p - a scroll of amnesia {unknown}
 q - a scroll of fog {unknown}
 r - 2 scrolls of magic mapping {unknown}
 u - 3 scrolls of teleportation {unknown}
Potions
 h - a potion of ambrosia {unknown}
 j - a potion of degeneration {unknown}
 n - a potion of might {unknown}
 o - 2 potions of curing {unknown}
 t - a potion of mutation


   Skills:
 - Level 1.0 Fighting
 - Level 2.0 Armour
 - Level 1.0 Dodging
 - Level 1.0 Stealth
 * Level 4.8 Evocations


You had 3 spell levels left.
You didn't know any spells.
Your spell library contained the following spells:

 Spells                   Type           Power      Damage    Failure   Level
 Sting                    Tmut/Pois      0%         1d3       100%        1
 Poisonous Vapours        Pois/Air       0%         N/A       100%        2
 Olgreb's Toxic Radiance  Pois           0%         N/A       100%        4


Dungeon Overview and Level Annotations

Branches:
Dungeon (2/15)

Altars:
Ru


Innate Abilities, Weirdness & Mutations

You have a beak for a mouth.


Message History

The adder is almost dead.
You feel sick. The adder barely misses you.
The adder bites you but does no damage. The goblin barely misses you.
You closely miss the adder.
The adder is almost dead.
You feel sick. The adder barely misses you.
The goblin hits you but does no damage.
You hit the adder.
The adder is almost dead.
You feel sick.
You are no longer poisoned.
The adder bites you but does no damage. The goblin hits you but does no damage.
The adder bites you but does no damage.
You barely miss the adder.
The adder is almost dead.
The adder bites you but does no damage. The goblin hits you but does no damage.
You barely miss the adder.
The adder is almost dead.
The adder bites you but does no damage. The goblin hits you but does no damage.
The adder bites you.
You are poisoned.
The adder poisons you!
You barely miss the adder.
The adder is almost dead.
You feel sick.
The goblin hits you with a +1 dagger of flaming.
* * * LOW HITPOINT WARNING * * *
The goblin burns you.
* * * LOW HITPOINT WARNING * * *
The adder barely misses you.
You closely miss the adder.
The adder is almost dead.
You feel sick. The adder bites you.
* * * LOW HITPOINT WARNING * * *
You are more poisoned.
The adder poisons you! The goblin hits you but does no damage.
The adder barely misses you.
It was a potion of mutation.
You feel extremely strange.
Your mouth lengthens and hardens into a beak!
You die...

##....#......#.##..####.##..#.###
≈.###...######.........[##..#.#
≈≈# ##.## ####..#######..#.# ≈.#
#.# #..# #..#.# ^## #.# #..#
#..#.### ## #.#
####..#######..#.... #.#
...............##### ###
###########.##..........
......S@....##.#####.###
#.####g####.#..# #.# +. #.####
#.# #. #.# #.# #. #.# #.# ..
..#### #.# #. #.#.># #.# #. .##.#
#.# #.# #.#


You could see an adder and a goblin.

Vanquished Creatures
  An adder (D:2)
  3 dart slugs (D:1)
  5 ball pythons
  3 endoplasms
  A giant cockroach (D:1)
  3 goblins (D:1)
  2 hobgoblins
  4 jackals (D:2)
  2 kobolds
  5 quokkas
  8 bats
  A frilled lizard (D:1)
  6 rats
44 creatures vanquished.

Vanquished Creatures (others)
  20 plants (D:2)
  5 toadstools (D:1)
25 creatures vanquished.

Grand Total: 69 creatures vanquished

Notes
Turn   | Place    | Note
-------+----------+-------------------------------------------
     0 | D:1      | blackman the Human Artificer began the quest for the Orb.
     0 | D:1      | Reached XP level 1. HP: 15/15 MP: 1/1
   601 | D:1      | Reached XP level 2. HP: 11/21 MP: 2/2
   889 | D:1      | Reached skill level 4 in Evocations
   889 | D:1      | Reached XP level 3. HP: 3/26 MP: 3/3
  2136 | D:2      | Found a sacrificial altar of Ru.
  2198 | D:2      | Reached XP level 4. HP: 6/32 MP: 4/4
  3193 | D:2      | Gained mutation: You have a beak for a mouth. [potion of
                  | mutation]
  3193 | D:2      | Succumbed to an adder's poison

Illustrated notes

Levels and vault maps discovered:
D:1:      ldierk_walled_garden, layout_basic, serial_bayou_ford_a
D:2:      minmay_door_path, layout_loops_ring, basic_altar, serial_bayou,
          serial_bayou_shore_b, serial_bayou_shore_a, serial_bayou_pond_d,
          serial_bayou_pond_e, serial_bayou_lagoon_b, grunt_decor_clamped

Skill      XL: |  1  2 |
---------------+-------+-----
Evocations     | 4 |  4.8
Fighting       | |  1.0
Armour         | |  2.0
Dodging        | |  1.0
Stealth        | |  1.0

Action                   |  1- 3 |  4- 6 || total
-------------------------+-------+-------++-------
Melee: Club              |    34 |       ||    34
       Spear             |   134 |    74 ||   208
       Punch             |     2 |       ||     2
  Use: Potion            |       |     1 ||     1
Armor: Plate armour      |   234 |    97 ||   331
       Leather armour    |     3 |       ||     3
Dodge: Dodged            |    72 |    26 ||    98

Table legend: (Time is in decaauts)
 A = Elapsed time spent in this place.
 B = Non-inter-level travel time spent in this place.
 C = Inter-level travel time spent in this place.
 D = Time resting spent in this place.
 E = Time spent auto-exploring this place.
 F = Levels seen in this place.
 G = Mean time per level.
                   A        B        C        D        E       F      G
               +--------+--------+--------+--------+--------+-----+--------+
         Total |   3240 |   3207 |     33 |   1205 |   1562 |   2 | 1620.0 |
       Dungeon |   3240 |   3207 |     33 |   1205 |   1562 |   2 | 1620.0 |
               +--------+--------+--------+--------+--------+-----+--------+

Top non-repeatable levels by time:
     D:1: 2018 daAuts
     D:2: 1221 daAuts
